[Event "Late-Titled-Tuesday-Blitz-December-26-2023"]
[Site "Chess.com"]
[Date "2023.12.26"]
[Round "7"]
[White "HajiyevKanan"]
[Black "vladoboch"]
[Result "0-1"]
[WhiteElo "2626"]
[BlackElo "2441"]
[TimeControl "180+1"]
[EndTime "15:16:50 PST"]
[Termination "vladoboch won by resignation"]

1. d4 Nf6 2. Nf3 g6 3. c4 Bg7 4.
g3 O-O 5. Bg2 d6 6. O-O Nc6 7.
b3 e5 8. dxe5 dxe5 9. Bb2 e4 10.
Ne5 Qxd1 11. Rxd1 Ng4 12. Nxc6 Bxb2 13. Ne7+ Kg7 14. Nd2 Bxa1 15. Rxa1 f5 16. Nd5 c6 17.
Nc3 Rd8 18. Nf1 Be6 19. h3 Ne5 20. Rc1 Rac8 21. Na4 b6 22. Nc3 b5 23. c5 a5 24. Nb1 Ra8 25. Ne3 a4 26. bxa4 Rxa4 27. a3 Nc4 28. Nc2 Nb2 29. Nb4 Rd1+ 30. Rxd1 Nxd1 31. Nxc6 Rc4 32. Nd8 Bd5 33. c6 Rc1 34.
Nd2 Ne3+ 35. Kh2 Nxg2 36. e3 Ne1 37. g4 Bxc6 38. Ne6+ Kf6 39. Nd4 Bd7 40. Kg3 fxg4 41. Nxe4+ Kg7 42. hxg4 Nd3 43. g5 Rg1+ 44. Kh2 Ra1 45. Nc5 Nxc5 0-1

[Event "Late-Titled-Tuesday-Blitz-December-26-2023"]
[Site "Chess.com"]
[Date "2023.12.26"]
[Round "7"]
[White "dennisodessa"]
[Black "campochess"]
[Result "1-0"]
[WhiteElo "2504"]
[BlackElo "2169"]
[TimeControl "180+1"]
[EndTime "15:16:50 PST"]
[Termination "dennisodessa won by resignation"]

1. d4 Nf6 2. c4 g6 3. Nc3 d5 4. Bg5 Ne4 5. Nxe4 dxe4 6. Qd2 Bg7 7. e3 h6 8. Bh4 c5 9. d5 Nd7 10.
Ne2 Ne5 11. Nc3 f5 12. Be2 O-O 13. O-O a6 14. Rad1 Qd6 15. f3 exf3 16. gxf3 g5 17. Bg3 f4 18. exf4 gxf4 19. Bxf4 Rxf4 20. Qxf4 Bh3 21.
Rf2 Rf8 22. Qg3 Bf5 23. Kh1 Kh8 24. Ne4 Bxe4 25. fxe4 Rxf2 26. Qxf2 Qg6 27. Qf4 Qb6 28. b3 Ng6 29. Qg4 Bd4 30. e5 Nxe5 31. Qc8+ Kg7 32. Bd3 Nf7 33. Qg4+ Kf8 34. Rf1 Bf6 35. Qc8+ Kg7 36. Rg1+ Bg5 37. h4 Qf6 38. Qf5 Qxf5 39. Bxf5 Kf6 40. hxg5+ Kxf5 41. g6 1-0

[Event "Late-Titled-Tuesday-Blitz-December-26-2023"]
[Site "Chess.com"]
[Date "2023.12.26"]
[Round "7"]
[White "Abduzhaparov"]
[Black "mariofs"]
[Result "1-0"]
[WhiteElo "2394"]
[BlackElo "2192"]
[TimeControl "180+1"]
[EndTime "15:16:51 PST"]
[Termination "Abduzhaparov won on time"]

1. d4 d5 2. e4 dxe4 3. Nc3 Nf6 4. f3 exf3 5. Nxf3 c6 6. Bd3 g6 7. O-O Bg7 8. Kh1 O-O 9. Qe1 Nbd7 10. Qh4 Re8 11. Ng5 h5 12. Nce4 Nf8 13. Nxf7 Kxf7 14. Bc4+ e6 15. Bg5 Nh7 16. Nxf6 Bxf6 17. Rxf6+ Nxf6 18. Rf1 Kg8 19. Bxf6 Qd7 20. Be5 Rf8 21. Rxf8+ Kxf8 22. Qf6+ Qf7 23. Qd8+ Qe8 24. Qc7 Qf7 25.
Qd8+ Qe8 26. Qg5 Qf7 27. h3 Bd7 28. Qh6+ Ke7 29. Qg5+ Ke8 30. Bd6 1-0

[Event "Late-Titled-Tuesday-Blitz-December-26-2023"]
[Site "Chess.com"]
[Date "2023.12.26"]
[Round "7"]
[White "laskakid"]
[Black "PushingpawnsNYC"]
[Result "1-0"]
[WhiteElo "2368"]
[BlackElo "2471"]
[TimeControl "180+1"]
[EndTime "15:16:54 PST"]
[Termination "laskakid won on time"]

1. d4 d5 2. c4 e6 3. Nc3 Nf6 4. cxd5 exd5 5. Bg5 c6 6. e3 Be7 7. Bd3 Nbd7 8. Qc2 O-O 9. Nge2 Ne4 10. Bxe7 Qxe7 11. Bxe4 dxe4 12. Qxe4 Qb4 13. Qc2 Nf6 14. O-O Be6 15. Nf4 Bc4 16. Rfd1 Rfe8 17. b3 Ba6 18. Na4 Nd5 19. Nxd5 cxd5 20. Qc5 Qb5 21. Qxb5 Bxb5 22. Nc5 b6 23. Nd3 Rac8 24. Nf4 Bc6 25. Rac1 Bb7 26. Kf1 f6 27. Ke2 Kf7 28. Kd2 g5 29.
Nd3 Ke6 30. Rxc8 Rxc8 31. Rc1 Rxc1 32. Nxc1 Ba6 33. Nd3 h5 34. g3 h4 35. gxh4 gxh4 36. Nf4+ Kf5 37. Nxd5 Kg4 38. Nf4 Kf3 39. Ke1 Bc8 40. d5 Bd7 41. d6 Ke4 42. Ng6 h3 43. Nf8 1-0

[Event "Late-Titled-Tuesday-Blitz-December-26-2023"]
[Site "Chess.com"]
[Date "2023.12.26"]
[Round "7"]
[White "Hikaru"]
[Black "yosephtaher"]
[Result "1-0"]
[WhiteElo "3225"]
[BlackElo "2932"]
[TimeControl "180+1"]
[EndTime "15:16:55 PST"]
[Termination "Hikaru won by resignation"]

1. Nf3 c5 2. e4 g6 3. c3 Nf6 4. d3 Nc6 5. g3 Bg7 6. Bg2 O-O 7. O-O d6 8. Re1 Rb8 9. h3 b5 10. a3 e5 11. b4 a5 12. bxc5 dxc5 13.
Be3 Qd6 14. a4 b4 15. Nbd2 Qxd3 16. Bxc5 Rd8 17. cxb4 axb4 18. Bf1 Qd7 19. Qb3 Qb7 20. a5 Be6 21. Bc4 Nd7 22. Bd6 Bxc4 23. Nxc4 Ra8 24. Red1 h6 25. h4 Nd4 26. Nxd4 exd4 27. Be7 Rdb8 28. Nd6 Qa7 29. Qxf7+ Kh7 30. h5 Ne5 31. hxg6+ Nxg6 32. Nf5 Rg8 33. Rac1 Qd7 34. Rxd4 Qe8 35.
Qxe8 Raxe8 36. Nxg7 Rxe7 37. Nf5 Rb7 38. a6 Ra7 39.
Rxb4 1-0

[Event "Late-Titled-Tuesday-Blitz-December-26-2023"]
[Site "Chess.com"]
[Date "2023.12.26"]
[Round "7"]
[White "fugadelafuga"]
[Black "karinachess1"]
[Result "0-1"]
[WhiteElo "2435"]
[BlackElo "2561"]
[TimeControl "180+1"]
[EndTime "15:17:07 PST"]
[Termination "karinachess1 won by resignation"]

1. d4 Nf6 2. Bf4 e6 3. e3 b6 4. Nf3 Nh5 5. Bg5 Be7 6. Bxe7 Qxe7 7. Bd3 Bb7 8. Qe2 a6 9. c3 d6 10. Nbd2 Nd7 11. O-O O-O 12. Bc2 Nhf6 13. e4 e5 14.
dxe5 dxe5 15. b4 a5 16. a3 Ba6 17. Bd3 Bb7 18. Nc4 axb4 19. axb4 Nh5 20. g3 Nhf6 21.
Nfd2 Rfe8 22. Ne3 g6 23. f3 Nf8 24. Bc4 Red8 25. Rfd1 Ne6 26. Ndf1 Kg7 27. Rxa8 Rxa8 28. Nd5 Bxd5 29. exd5 Nf8 30. Re1 N8d7 31. Nd2 Qd6 32.
Ne4 Nxe4 33. fxe4 Ra3 34. Qf3 Qxb4 35. Qxf7+ Kxf7 36. cxb4 Rc3 37. Bb5 Nf6 38. Kf2 Rc2+ 39. Kf3 Ke7 40. Re3 Rxh2 41. Rc3 Rf2+ 42. Ke3 Ng4+ 43.
Kd3 Rf3+ 44. Kd2 Rxc3 45. Kxc3 Nf2 46. Bd3 Nxd3 47. Kxd3 h5 48. Ke3 g5 49. Kf3 Kd6 50.
Kg2 c6 51. dxc6 Kxc6 52. Kf3 Kb5 53. g4 h4 0-1

[Event "Late-Titled-Tuesday-Blitz-December-26-2023"]
[Site "Chess.com"]
[Date "2023.12.26"]
[Round "7"]
[White "StellarChess"]
[Black "GothamChess"]
[Result "1-0"]
[WhiteElo "2551"]
[BlackElo "2673"]
[TimeControl "180+1"]
[EndTime "15:17:08 PST"]
[Termination "StellarChess won by resignation"]

1. b4 e6 2. a3 f5 3. Bb2 Nf6 4. Nf3 g6 5. g3 Bg7 6. Bg2 O-O 7.
d3 d6 8. Nbd2 e5 9. e4 Nc6 10.
h3 h6 11. O-O Kh7 12. Qe2 g5 13. exf5 Bxf5 14. Ne4 Qd7 15. Nxf6+ Rxf6 16. g4 Bg6 17. Nd2 Rf4 18. Be4 Qe6 19. Bxg6+ Qxg6 20. Ne4 Raf8 21.
Kg2 d5 22. Ng3 Qf7 23. Nh5 Rf3 24. Nxg7 Qxg7 25. b5 Nd4 26. Bxd4 exd4 27. Qxf3 Rxf3 28. Kxf3 Qd7 29. a4 h5 30. Rfe1 Qd6 31. Kg2 Qf4 32. Re7+ Kg8 33. Rae1 hxg4 34. Re8+ Kg7 35. R1e7+ Kg6 36.
Re6+ Kf5 37. Rf8+ Kxe6 38. Rxf4 gxh3+ 39. Kxh3 gxf4 40. Kg4 Ke5 41. f3 b6 42. Kg5 c6 43.
bxc6 Kd6 44. Kxf4 a5 45. c7 Kxc7 46. Ke5 b5 47. axb5 a4 48. Kxd4 Kb6 49. c4 dxc4 50. dxc4 1-0

[Event "Late-Titled-Tuesday-Blitz-December-26-2023"]
[Site "Chess.com"]
[Date "2023.12.26"]
[Round "7"]
[White "SnekkerAndersen"]
[Black "ilushka"]
[Result "1-0"]
[WhiteElo "2564"]
[BlackElo "2441"]
[TimeControl "180+1"]
[EndTime "15:17:08 PST"]
[Termination "SnekkerAndersen won by resignation"]

1. d4 e6 2. e4 d5 3. Nc3 Nf6 4. e5 Nfd7 5. f4 c5 6. Nf3 Nc6 7. Be3 a6 8. Qd2 b5 9. dxc5 Bxc5 10. Bd3 Qb6 11. Bf2 O-O 12. O-O f6 13. exf6 Nxf6 14. Bxc5 Qxc5+ 15. Kh1 Bd7 16. Rae1 Rae8 17. a3 Bc8 18.
Ne5 Bb7 19. b4 Qb6 20. Nxc6 Qxc6 21. Ne2 Ne4 22. Qe3 Qd6 23. Nd4 e5 24. fxe5 Qxe5 25. Nf3 Qh5 26. Bxe4 dxe4 27. Nd4 Bd5 28. Rf4 Rxf4 29.
Qxf4 e3 30. Kg1 h6 31. h3 Re4 32. Qf5 Qxf5 33. Nxf5 e2 34. Ng3 Rc4 35. Rxe2 Rc3 36.
Nf5 Rxa3 37. Ne7+ Kf7 38. Nxd5 Ra1+ 39. Kf2 a5 40. bxa5 Rxa5 41. Ke3 Ra4 42. Kd3 Ra2 43.
Nc3 Ra5 44. Nd5 Ra3+ 45. c3 Ra1 46. Nb4 Rg1 47. Kd4 Kf6 48. Kc5 Rb1 49. Kxb5 Rc1 50.
Kc4 1-0

[Event "Late-Titled-Tuesday-Blitz-December-26-2023"]
[Site "Chess.com"]
[Date "2023.12.26"]
[Round "7"]
[White "RebecaJimnz"]
[Black "ExchangeAB"]
[Result "1-0"]
[WhiteElo "2290"]
[BlackElo "2490"]
[TimeControl "180+1"]
[EndTime "15:17:09 PST"]
[Termination "RebecaJimnz won by checkmate"]

1. e4 c6 2. d4 d5 3. Nc3 dxe4 4. Nxe4 Nf6 5. Nxf6+ exf6 6. c3 Bd6 7. Bd3 O-O 8.
Qc2 h6 9. Ne2 Nd7 10. Be3 Nb6 11. c4 Bb4+ 12. Nc3 Bg4 13. O-O Re8 14. h3 Be6 15. b3 Ba3 16. Rad1 Qe7 17. Rfe1 Rad8 18. d5 cxd5 19. Bxb6 dxc4 20. Bh7+ Kh8 21. Bxd8 Rxd8 22. Bf5 cxb3 23. axb3 Bb4 24. Bxe6 fxe6 25. Rxd8+ Qxd8 26. Rd1 Qc7 27. Rd3 f5 28. Qd2 Kh7 29. Qb2 Qe5 30.
Nd1 Qe1+ 31. Kh2 a5 32. Rd7 e5 33. Ne3 Bc3 34. Qc2 e4 35. Nxf5 Be5+ 36. Ng3 h5 37.
h4 Kh6 38. Re7 e3 39. Rxe5 exf2 40. Nf5+ Kg6 41. Nd6+ Kh6 42. Nf7# 1-0

[Event "Late-Titled-Tuesday-Blitz-December-26-2023"]
[Site "Chess.com"]
[Date "2023.12.26"]
[Round "7"]
[White "HappyPawny"]
[Black "Pertinhez76"]
[Result "0-1"]
[WhiteElo "2241"]
[BlackElo "2090"]
[TimeControl "180+1"]
[EndTime "15:17:09 PST"]
[Termination "Pertinhez76 won on time"]

1. e4 c5 2. d4 cxd4 3. c3 d3 4. Bxd3 Nc6 5. Nf3 d6 6. O-O Nf6 7. Nbd2 g6 8. Nc4 Bg7 9. Bg5 O-O 10. Qd2 Bg4 11. Ne1 Ne5 12. Nxe5 dxe5 13. f3 Be6 14.
Nc2 Qc7 15. Rad1 Rad8 16. Qf2 b6 17. h4 Bxa2 18. Bxf6 Bxf6 19. h5 Bb3 20. g4 Bg5 21.
Kg2 Rxd3 22. Rxd3 Bc4 23. Rfd1 Bxd3 24. Rxd3 Rd8 25. Qe2 e6 26. hxg6 hxg6 27. Qd1 Kg7 28. Nb4 Rxd3 29. Qxd3 Qc5 30. Nc2 b5 31. b4 Qc6 32.
Na3 a6 33. c4 bxc4 34. Qxc4 Qxc4 35. Nxc4 Kf6 36. Kf2 Bh6 37. Ke2 Bf8 38. Nb6 Bxb4 39. Kd3 Kg7 40. Kc4 a5 41. Nd7 f6 42. Nb8 f5 43.
Nc6 Bd6 44. Nxa5 Kf6 45. Nb7 Bb8 46. Nc5 Bd6 47. Nb7 Bc7 48. Kc5 fxg4 49. fxg4 Kg5 50. Kc6 Bb8 51. Kd7 Kxg4 52. Kxe6 Kf4 53. Nc5 g5 54.
Kd5 g4 55. Nd3+ Kf3 56. Ne1+ Kf2 57. Nd3+ Ke2 0-1

[Event "Late-Titled-Tuesday-Blitz-December-26-2023"]
[Site "Chess.com"]
[Date "2023.12.26"]
[Round "7"]
[White "Marcin"]
[Black "Ajedrez_con_German"]
[Result "1-0"]
[WhiteElo "2474"]
[BlackElo "2577"]
[TimeControl "180+1"]
[EndTime "15:17:10 PST"]
[Termination "Marcin won on time"]

1. d4 e6 2. c4 Nf6 3. g3 d5 4. Nf3 Bb4+ 5. Nbd2 O-O 6. Bg2 dxc4 7. a3 Ba5 8. Qc2 b5 9. O-O Bb7 10. e4 Nc6 11. e5 Nd5 12. Ne4 Bb6 13. Bg5 f6 14. exf6 gxf6 15. Bh6 Rf7 16. Rad1 Nce7 17. Bh3 Nf5 18. Bc1 Qd7 19. Rfe1 Re8 20. Nc5 Bxc5 21.
dxc5 Qc8 22. Nd4 Nxd4 23. Rxd4 f5 24. b3 cxb3 25. Qxb3 a6 26. Bb2 c6 27. Rh4 Qd8 28. Bg2 Qg5 29. Bxd5 cxd5 30. Qc3 Rg7 31. c6 Bc8 32. Rh5 Qg6 33. Rxf5 e5 34. Rfxe5 Rxe5 35. Qxe5 1-0

[Event "Late-Titled-Tuesday-Blitz-December-26-2023"]
[Site "Chess.com"]
[Date "2023.12.26"]
[Round "7"]
[White "ozates"]
[Black "Petukhov_Dmitry"]
[Result "1-0"]
[WhiteElo "2616"]
[BlackElo "2469"]
[TimeControl "180+1"]
[EndTime "15:17:16 PST"]
[Termination "ozates won by checkmate"]

1. e4 c5 2. Nf3 d6 3. Bb5+ Nc6 4. O-O Bd7 5. Re1 a6 6. Bf1 e5 7. c3 Bg4 8. d3 Be7 9. Nbd2 g5 10. a4 h5 11. Qc2 h4 12. h3 Be6 13. Nh2 Nf6 14.
Be2 Qd7 15. Ndf1 g4 16. hxg4 Nxg4 17. Bxg4 Bxg4 18. Ne3 Be6 19. Nd5 Bd8 20. f4 Rg8 21. Qf2 Bh3 22. Re2 exf4 23. Nxf4 Ne5 24. d4 Ng4 25. Nxg4 Bxg4 26. Re3 cxd4 27. cxd4 Bb6 28. Rb3 Ba7 29. Nd5 O-O-O 30. Bf4 Kb8 31. e5 Bh3 32.
Rxh3 Qxh3 33. exd6 Bxd4 34. d7+ Ka8 35. Nc7+ Kb8 36.
Nb5+ Ka8 37. Nc7+ Kb8 38. Nxa6+ Ka8 39. Nc7+ Kb8 40. Nb5+ Ka8 41. Nxd4 Rxd7 42. Nb5 b6 43. a5 Kb7 44. Qxb6+ Kc8 45. Qc6+ Kd8 46. Qa8+ Ke7 47. Qxg8 Qf5 48. Re1+ Kf6 49. Qh8+ Kg6 50. Qh6# 1-0

[Event "Late-Titled-Tuesday-Blitz-December-26-2023"]
[Site "Chess.com"]
[Date "2023.12.26"]
[Round "7"]
[White "Statham_l3"]
[Black "misterlamine"]
[Result "1-0"]
[WhiteElo "2567"]
[BlackElo "2443"]
[TimeControl "180+1"]
[EndTime "15:17:16 PST"]
[Termination "Statham_l3 won by checkmate"]

1. e4 c5 2. Nf3 d6 3. d4 cxd4 4. Nxd4 Nf6 5. Nc3 a6 6. h3 e5 7.
Nde2 Be6 8. g4 d5 9. g5 Nxe4 10.
Nxe4 dxe4 11. Qxd8+ Kxd8 12. Be3 Kc7 13. Bg2 Nd7 14. O-O-O Nc5 15. Nc3 Be7 16. Nd5+ Bxd5 17. Rxd5 Kc6 18. Rhd1 Rhd8 19. Bxc5 Rxd5 20. Bxe7 Rxd1+ 21.
Kxd1 Kd5 22. Ke2 Re8 23. Bb4 f5 24. gxf6 gxf6 25. b3 Rg8 26. Bf1 f5 27. c4+ Kd4 28.
Kd2 Rg1 29. Be2 Rh1 30. Be7 Rxh3 31. b4 b6 32. Bd8 e3+ 33. fxe3+ Ke4 34. Bxb6 Rh2 35.
c5 f4 36. exf4 exf4 37. c6 f3 38. c7 Rxe2+ 39. Kd1 Rxa2 40. c8=Q Ra1+ 41. Kd2 Ra2+ 42. Kc3 Kf4 43. Qc7+ Kg4 44. Qg7+ Kh3 45. Qxh7+ Kg2 46. Qg8+ Kf1 47. Qxa2 Ke1 48. Qf2+ Kd1 49. Be3 a5 50. Qd2# 1-0

[Event "Late-Titled-Tuesday-Blitz-December-26-2023"]
[Site "Chess.com"]
[Date "2023.12.26"]
[Round "7"]
[White "slidingknight2775"]
[Black "TST2014"]
[Result "0-1"]
[WhiteElo "2676"]
[BlackElo "2600"]
[TimeControl "180+1"]
[EndTime "15:17:17 PST"]
[Termination "TST2014 won by checkmate"]

1. Nf3 Nf6 2. g3 g6 3. Bg2 Bg7 4. O-O O-O 5. c4 c5 6. Nc3 Nc6 7. d3 d5 8. cxd5 Nxd5 9. Bd2 Nc7 10. Rc1 b6 11. Qa4 Bb7 12. Qh4 Qd7 13. Bh6 Ne6 14.
Ne4 Ncd4 15. Nxd4 Nxd4 16. Bxg7 Nxe2+ 17. Kh1 Kxg7 18. Rce1 Nd4 19. f3 Rfe8 20. a3 Rad8 21. b4 cxb4 22. axb4 Nf5 23. Qf4 Qxd3 24. Qe5+ f6 25.
Qa1 Ne3 26. Qxa7 Bxe4 27. fxe4 Nxf1 28. Rxf1 b5 29. e5 f5 30. e6 Qd4 31. Qc7 Qc4 32.
Qb7 Rb8 33. Qa7 Qxb4 34. Bc6 Red8 35. Rf4 Qe1+ 36. Kg2 Qxe6 37. Bf3 Rd2+ 38. Kh3 Rbd8 39. Qa1+ Qf6 40. Qa7 g5 41. Rxf5 Qxf5+ 42. Bg4 Qf1# 0-1

[Event "Late-Titled-Tuesday-Blitz-December-26-2023"]
[Site "Chess.com"]
[Date "2023.12.26"]
[Round "7"]
[White "Sanyura"]
[Black "Fan_Of_Chucky"]
[Result "1-0"]
[WhiteElo "2609"]
[BlackElo "2462"]
[TimeControl "180+1"]
[EndTime "15:17:17 PST"]
[Termination "Sanyura won on time"]

1. Nf3 Nf6 2. g3 g6 3. Bg2 Bg7 4. O-O O-O 5. d4 d5 6. c4 dxc4 7.
Nc3 c6 8. e4 b5 9. a3 Bb7 10.
Qe2 a6 11. Bg5 Nbd7 12. Rad1 h6 13. Bf4 a5 14. e5 Nd5 15. Nxd5 cxd5 16. e6 fxe6 17.
Qxe6+ Kh7 18. Rfe1 Re8 19. Nh4 Ra6 20. Qh3 Nf6 21. Nf3 Ne4 22. Ng5+ Nxg5 23. Bxg5 Qd6 24. Qh4 e5 25. dxe5 Rxe5 26. Bf4 Rxe1+ 27. Rxe1 Qf6 28.
Re7 g5 29. Bxg5 Qxg5 30. Qxg5 hxg5 31. Rxb7 d4 32. Rxb5 d3 33. Rc5 d2 34. Bf3 Bxb2 35.
Rxc4 Bxa3 36. h4 g4 37. Rxg4 Rb6 38. Rd4 Rb1+ 39. Kg2 Bb4 40. Be4+ Kg7 41. Bxb1 1-0

[Event "Late-Titled-Tuesday-Blitz-December-26-2023"]
[Site "Chess.com"]
[Date "2023.12.26"]
[Round "7"]
[White "grandemestregringo"]
[Black "WindWhistler11"]
[Result "1-0"]
[WhiteElo "2670"]
[BlackElo "2497"]
[TimeControl "180+1"]
[EndTime "15:17:18 PST"]
[Termination "grandemestregringo won on time"]

1. f4 Nf6 2. Nf3 g6 3. e3 Bg7 4. b3 d6 5. Bb2 O-O 6. Be2 Nc6 7.
O-O e5 8. fxe5 Ng4 9. Nc3 dxe5 10. h3 Nf6 11. Ba3 Re8 12. Ng5 h6 13. Nge4 Nxe4 14.
Nxe4 f5 15. Bc4+ Kh7 16. Nc3 a6 17. Bf7 Rh8 18. e4 Qd4+ 19. Kh1 Nd8 20. Bd5 c6 21. Ne2 Qa7 22. Bc4 b5 23. Bd3 f4 24. c3 c5 25.
Bc2 Ne6 26. Bb2 Qd7 27. a4 Rb8 28. axb5 axb5 29. d4 cxd4 30. cxd4 Ng5 31. dxe5 f3 32. Nf4 fxg2+ 33. Kxg2 Qe7 34. Qd6 Qe8 35. Ra7 Rb7 36. Rxb7 Bxb7 37. Nd5 Rf8 38. Rxf8 Qxf8 39. Nf6+ Kh8 40. h4 Nf7 41. Qxf8+ Bxf8 42. e6 1-0

[Event "Late-Titled-Tuesday-Blitz-December-26-2023"]
[Site "Chess.com"]
[Date "2023.12.26"]
[Round "7"]
[White "johnmez"]
[Black "Balla_Tamas"]
[Result "0-1"]
[WhiteElo "2299"]
[BlackElo "2426"]
[TimeControl "180+1"]
[EndTime "15:17:18 PST"]
[Termination "Balla_Tamas won by resignation"]

1. d4 d5 2. c4 e6 3. Nc3 c5 4. cxd5 exd5 5. Nf3 Nc6 6. g3 Nf6 7. Bg2 cxd4 8. Nxd4 Bc5 9. Nxc6 bxc6 10. O-O O-O 11.
Bg5 Re8 12. Rc1 Ba6 13. Bf3 Bb6 14. Qa4 Bb7 15. Rfd1 h6 16. Bf4 Qe7 17. Rc2 Rad8 18. h4 d4 19. Nb1 c5 20. Bxb7 Qxb7 21. Na3 Nd5 22. Bc1 Qd7 23. Qc4 Qg4 24. Qd3 Rd6 25. Nc4 Rf6 26. e4 Nb4 27. Qe2 Qg6 28. Rcd2 Rxe4 29.
Qf1 Rg4 30. Ne5 Rxg3+ 31. fxg3 Rxf1+ 32. Rxf1 Qxg3+ 33. Rg2 Qxe5 34. Bxh6 g6 35. Rgf2 Qg3+ 36. Rg2 Qxh4 37. Bg5 Qe4 38. Bf6 Bc7 39. Bh4 Qxh4 0-1

[Event "Late-Titled-Tuesday-Blitz-December-26-2023"]
[Site "Chess.com"]
[Date "2023.12.26"]
[Round "7"]
[White "Jospem"]
[Black "NoHeThTo"]
[Result "1-0"]
[WhiteElo "3068"]
[BlackElo "2700"]
[TimeControl "180+1"]
[EndTime "15:17:19 PST"]
[Termination "Jospem won by checkmate"]

1. e4 c5 2. Nf3 g6 3. c3 Bg7 4.
h3 Nf6 5. Bd3 d5 6. e5 Nfd7 7.
Bb5 Nc6 8. Qe2 e6 9. Bxc6 bxc6 10. d3 O-O 11. O-O Ba6 12. Re1 Qc7 13. Bf4 Rab8 14. c4 Qd8 15. Nc3 Qa5 16. Rac1 Rb7 17. b3 Rbb8 18.
Qd2 Qd8 19. Bh6 Qe7 20. Bxg7 Kxg7 21. Qe2 Rbe8 22. Na4 d4 23. Qe4 Bb7 24. Re2 Nb6 25.
Rce1 Nxa4 26. bxa4 Qc7 27. Qf4 h6 28. Nh2 Qe7 29. Ng4 Qg5 30. Qxg5 hxg5 31. Rb1 Ba6 32. Reb2 Rc8 33. Nf6 Rc7 34. Ne4 Bc8 35. Nxg5 f6 36.
exf6+ Rxf6 37. Ne4 Rf5 38. Rb8 Kh6 39. f3 Ba6 40. Re8 Re5 41. Rbb8 Kg7 42. h4 Rh5 43.
Rg8+ Kf7 44. Ng5+ Kf6 45. Rbf8+ Ke5 46. Rxg6 Bc8 47. Rgg8 Ba6 48. f4+ Kd6 49. Ne4+ Ke7 50. Re8+ Kf7 51. Ng5+ Kf6 52. g4 Rxg5 53. hxg5+ Kf7 54.
g6+ Kf6 55. Ref8+ Ke7 56. Rf7+ Kd6 57. Rxc7 Kxc7 58. g7 Kb6 59. Rb8+ Ka5 60. g8=Q Bc8 61. Qxc8 a6 62. Qc7+ Kxa4 63. Qxc6+ Ka3 64. Qxc5+ Kxa2 65. Qa5# 1-0

[Event "Late-Titled-Tuesday-Blitz-December-26-2023"]
[Site "Chess.com"]
[Date "2023.12.26"]
[Round "7"]
[White "venturov"]
[Black "chessajedrezz2020"]
[Result "1-0"]
[WhiteElo "2503"]
[BlackElo "2755"]
[TimeControl "180+1"]
[EndTime "15:17:20 PST"]
[Termination "venturov won on time"]

1. e4 e5 2. Bc4 Nc6 3. Nc3 Nf6 4.
d3 d6 5. f4 Na5 6. Bb3 Nxb3 7.
axb3 exf4 8. Bxf4 Be7 9. Nf3 O-O 10. O-O Be6 11. Kh1 d5 12. exd5 Nxd5 13. Nxd5 Bxd5 14. Be5 f6 15. Bg3 Bc5 16. d4 Bd6 17. Bxd6 Qxd6 18.
c4 Bxf3 19. Rxf3 a6 20. d5 Rae8 21. Qd4 Re5 22. Rd1 Rfe8 23. Rff1 Re4 24. Qf2 Re2 25. Qd4 R8e4 26. Qc3 Rh4 27. h3 b6 28. Rde1 Rhe4 29.
Rxe2 Rxe2 30. Re1 Rxe1+ 31. Qxe1 Kf7 32. Qe4 Qe5 33. Qxh7 Qe1+ 34. Kh2 Qe5+ 35. Kh1 Qxb2 36. Qh5+ Ke7 37. Qg4 Qa1+ 38. Kh2 Qe5+ 39. Kh1 g5 40. Qc8 a5 41. Qg8 1-0

[Event "Late-Titled-Tuesday-Blitz-December-26-2023"]
[Site "Chess.com"]
[Date "2023.12.26"]
[Round "7"]
[White "BogdanDeac"]
[Black "Genghis_K"]
[Result "0-1"]
[WhiteElo "3007"]
[BlackElo "2887"]
[TimeControl "180+1"]
[EndTime "15:17:21 PST"]
[Termination "Genghis_K won by resignation"]

1. d4 Nf6 2. c4 e6 3. Nf3 d5 4. g3 Bb4+ 5. Nc3 O-O 6. Bg2 dxc4 7. O-O Nc6 8. Qa4 Nd5 9. Qc2 Be7 10. Rd1 Rb8 11.
e4 Ncb4 12. Qd2 Nxc3 13. Qxc3 Nd3 14. Qxc4 Nxc1 15. Raxc1 c6 16. h4 Qa5 17. a3 h6 18.
Ne5 Bf6 19. f4 a6 20. Qb3 Qb5 21. Qc3 Rd8 22. Nc4 c5 23. e5 cxd4 24. Rxd4 Be7 25. Rxd8+ Bxd8 26. Nd6 Qb6+ 27. Kh2 Bd7 28. Qd2 Bc6 29.
Bxc6 bxc6 30. b4 Be7 31. Qg2 Qe3 32. Qb2 a5 33. Rxc6 axb4 34. axb4 Bxh4 35. Qg2 Rxb4 36. Rc8+ Kh7 37. Nxf7 Bxg3+ 38. Qxg3 Qe2+ 39. Qg2 Qh5+ 40. Qh3 Rb2+ 41. Kg1 Qxh3 0-1

[Event "Late-Titled-Tuesday-Blitz-December-26-2023"]
[Site "Chess.com"]
[Date "2023.12.26"]
[Round "7"]
[White "GP9isback23"]
[Black "ccccvhhhj"]
[Result "1-0"]
[WhiteElo "2639"]
[BlackElo "2497"]
[TimeControl "180+1"]
[EndTime "15:17:21 PST"]
[Termination "GP9isback23 won on time"]

1. d4 e5 2. d5 Bc5 3. e3 d6 4. c4 f5 5. Nf3 Nf6 6. Be2 O-O 7. O-O h6 8. Nc3 a6 9. Rb1 Nbd7 10. b4 Ba7 11. Bb2 Qe8 12. Rc1 Ne4 13. Nd2 Ndf6 14. Nb3 Qg6 15. c5 Bd7 16. f3 Nxc3 17.
Rxc3 Kh8 18. Qd2 Qg5 19. Rd1 Rad8 20. Na5 Rb8 21. Rdc1 b6 22. cxb6 Bxb6 23. Nc4 Bb5 24. Nxb6 cxb6 25. Bf1 Bxf1 26. Rxf1 f4 27. e4 Nh5 28.
Rc6 Rfd8 29. Rfc1 Qf6 30. Qf2 Qg5 31. Rxb6 Rxb6 32. Qxb6 Rf8 33. Qxd6 Re8 34. a4 Nf6 35. b5 axb5 36. axb5 Qh4 37. b6 g5 38. Qxf6+ Kh7 39. Qf7+ 1-0

[Event "Late-Titled-Tuesday-Blitz-December-26-2023"]
[Site "Chess.com"]
[Date "2023.12.26"]
[Round "7"]
[White "Felix-Rose"]
[Black "topce"]
[Result "1-0"]
[WhiteElo "2244"]
[BlackElo "2381"]
[TimeControl "180+1"]
[EndTime "15:17:21 PST"]
[Termination "Felix-Rose won by checkmate"]

1. e4 c5 2. Nf3 Nc6 3. d4 cxd4 4. Nxd4 e5 5. Nb5 d6 6. N1c3 a6 7. Na3 b5 8. Nab1 Nge7 9. Bg5 h6 10. Bxe7 Bxe7 11.
Nd5 O-O 12. c3 Bg5 13. a4 bxa4 14. Rxa4 a5 15. Bc4 Bb7 16. Na3 Ne7 17. O-O Ng6 18. g3 Bc6 19. Nb5 Rb8 20. Qd3 Ne7 21. Nxe7+ Bxe7 22. Rfa1 Ra8 23. Bd5 Bxb5 24. Qxb5 Rb8 25. Qe2 Qb6 26. R1a2 Bg5 27. Rxa5 Bc1 28. b4 Rbc8 29. Qc2 Bg5 30. Qb3 Kh8 31. Ra6 Qd8 32.
Bxf7 Qf6 33. Be6 Rcd8 34. Bf5 g6 35. Bg4 Be3 36. Qc2 h5 37. Bd1 Rc8 38. Kg2 h4 39. Bg4 Rc7 40. Qd3 h3+ 41. Kxh3 Bxf2 42. Rxd6 Rh7+ 43. Kg2 Qg5 44. Rxf2 Rxf2+ 45. Kxf2 Rxh2+ 46. Kg1 Ra2 47. Rd8+ Kh7 48. Qd7+ Kh6 49. Rh8# 1-0

[Event "Late-Titled-Tuesday-Blitz-December-26-2023"]
[Site "Chess.com"]
[Date "2023.12.26"]
[Round "7"]
[White "GMBenjaminBok"]
[Black "Byniolus"]
[Result "1-0"]
[WhiteElo "2968"]
[BlackElo "2812"]
[TimeControl "180+1"]
[EndTime "15:17:26 PST"]
[Termination "GMBenjaminBok won on time"]

1. c4 d6 2. g3 g6 3. Bg2 Bg7 4. Nc3 e5 5. Nf3 Ne7 6. d4 exd4 7. Nxd4 O-O 8. O-O Nd7 9. Bf4 Nb6 10. Qd3 d5 11. c5 Nc4 12. b3 Ne5 13.
Qe3 Ng4 14. Qd2 c6 15. Rad1 Nf6 16. Rfe1 Nf5 17. Nc2 Be6 18. Be5 Ne4 19. Nxe4 Bxe5 20. Ng5 Qf6 21. Nxe6 fxe6 22. Rf1 Rad8 23. e3 Bc7 24.
Qe2 Rfe8 25. e4 Nh6 26. Rfe1 Rf8 27. b4 a6 28. f4 Nf7 29. e5 Qe7 30. Nd4 Nh6 31. Bh3 Nf5 32. Bxf5 gxf5 33. Kh1 Kh8 34. Rg1 Rg8 35. g4 fxg4 36. Rxg4 Rdf8 37. Rdg1 Rxg4 38.
Qxg4 a5 39. Nxe6 Re8 40. a3 axb4 41. axb4 Bb8 42. Ng5 Rf8 43. Rg3 Qe8 44. Nxh7 1-0

[Event "Late-Titled-Tuesday-Blitz-December-26-2023"]
[Site "Chess.com"]
[Date "2023.12.26"]
[Round "7"]
[White "Misticpikachu"]
[Black "MPCandelario"]
[Result "0-1"]
[WhiteElo "2472"]
[BlackElo "2657"]
[TimeControl "180+1"]
[EndTime "15:17:27 PST"]
[Termination "MPCandelario won by checkmate"]

1. c4 e6 2. Nf3 d5 3. e3 Nf6 4. Nc3 Be7 5. b3 O-O 6. Bb2 b6 7. Qc2 Bb7 8. Ng5 h6 9. h4 Nbd7 10. Be2 c5 11. Bf3 Rc8 12. cxd5 Ne5 13. dxe6 Bxf3 14.
exf7+ Rxf7 15. Nxf7 Qd3 16. Qxd3 Nxd3+ 17. Kf1 Bh5 18. Rb1 Kxf7 19. f3 Bg6 20. e4 Nh5 21. Ne2 Nxb2 22. Rxb2 Bf6 23. Rb1 Be5 24. g4 Nf4 25.
Nxf4 Bxf4 26. Ke2 Rd8 27. Rhd1 Ke7 28. Rb2 Bf7 29. Rc2 Rd4 30. Rc3 Be8 31. a4 Bf7 32.
d3 Rb4 33. Rb1 Be5 34. Rc4 Bxc4 35. dxc4 g5 36. hxg5 hxg5 37. Kd3 a6 38. Kc2 b5 39. axb5 axb5 40. cxb5 Rxb5 41. Rh1 Ra5 42. Rh7+ Ke6 43.
Rb7 Ra2+ 44. Kd3 Rf2 45. Kc4 Bd6 46. Rg7 Be7 47. Rg6+ Kd7 48. e5 Rxf3 49. Ra6 Rf4+ 50. Kd5 Rd4# 0-1